 Dungeon Crawl Stone Soup version 0.31-a0-358-gac0dbeb3ab (webtiles) character file.

Game seed: 11668181685232020847

882 Gelion the Changeling (level 7, -8/67 HPs)
             Began as a Troll Shapeshifter on July 25, 2023.
             Mangled by an ogre
             ... wielding a +0 giant club
              (17 damage)
             ... on level 5 of the Dungeon.
             The game lasted 00:04:41 (2888 turns).

Gelion the Changeling (Troll Shapeshifter)          Turns: 2888, Time: 00:04:41

Health: -8/67      AC:  4    Str: 24    XL:     7   Next: 76%
Magic:  6/6        EV: 10    Int:  4    God:
Gold:   187        SH:  0    Dex: 12    Spells: 6/6 levels left

rFire   . .          .
                       - Unarmed
rCold   . . .        (no shield)
rNeg    . . .        a - +0 animal skin
rPois   .            (helmet currently unavailable)
rElec   .            (cloak currently unavailable)
rCorr   .            (gloves unavailable)
SInv    .            (boots unavailable)
Will    .....        (no amulet)
Stlth   +            (no ring)
HPRegen 1.11/turn    (no ring)
MPRegen 0.10/turn

%: no passive effects
@: beast-form
A: beast (slay +4), large, unfitting armour, claws 3, regeneration 1, shaggy fur
1, tough skin 1
a: Begin Untransformation


You were on level 5 of the Dungeon.
You were a hulking beast.
You visited 1 branch of the dungeon, and saw 5 of its levels.

You collected 187 gold pieces.

Inventory:

Armour
 a - a +0 animal skin (worn)
 k - the +1 cloak of Seigau {*Corrode rC+ rN+ Dex+5}
   (You found it on level 3 of the Dungeon)

   Dex:       It affects your dexterity (+5).
   rC:        It protects you from cold.
   rN:        It protects you from negative energy.
   *Corrode:  It may corrode you when you take damage.
Talismans
 c - a beast talisman
Scrolls
 e - 2 scrolls of teleportation
Potions
 b - 2 potions of lignification
 d - 3 potions of curing
 f - a potion of heal wounds {unknown}
 l - a potion of brilliance {unknown}


   Skills:
 + Level 3.5 Fighting
 - Level 1.5 Dodging
 + Level 5.3 Unarmed Combat
 * Level 6.0 Shapeshifting


You had 6 spell levels left.
You didn't know any spells.
Your spell library contained the following spells:

 Spells                   Type           Power      Damage    Failure   Level
 Freeze                   Ice            0%         1d3       50%         1
 Sublimation of Blood     Necr           0%         N/A       65%         2
 Frozen Ramparts          Ice            0%         1d1       86%         3
 Hailstorm                Conj/Ice       0%         3d3       86%         3
 Portal Projectile        Hex/Tloc       0%         N/A       86%         3
 Stone Arrow              Conj/Erth      0%         3d7       86%         3
 Tukima's Dance           Hex            0%         N/A       86%         3
 Animate Armour           Summ/Erth      0%         N/A       99%         4
 Iskenderun's Mystic Bla  Conj/Tloc      0%         2d3       99%         4
 Petrify                  Tmut/Erth      0%         N/A       99%         4
 Irradiate                Conj/Tmut      0%         3d11      100%        5
 Lehudib's Crystal Spear  Conj/Erth      0%         10d2      100%        8


Dungeon Overview and Level Annotations

Branches:
Dungeon (5/15)
 Temple: D:4-7

Altars:
Okawaru
Wu Jian


Innate Abilities, Weirdness & Mutations

You are a hulking beast.
Your limbs bulge with bestial killing power. (Slay +4)
You are too large for most types of armour.
You have claws for hands.
Your natural rate of healing is unusually fast.
You are covered in fur. (AC +1)
You have tough skin. (AC +1)


Message History

You barely miss the orc.
The orc is heavily wounded.
The orc hits you but does no damage.
You completely miss the orc.
The orc is heavily wounded.
The orc barely misses you.
You barely miss the orc.
The orc is heavily wounded.
The orc barely misses you.
The orc priest begins to cast a cantrip, but forgets the words!
You scratch the orc. Your claw misses the orc.
The orc is almost dead.
You closely miss the orc. You claw the orc.
You kill the orc!
You barely miss something.
The orc priest invokes the aid of Beogh against you.
Something writhes in agony.
Something hits you.
You claw something! Something hits you.
You mangle something!!
Reactivating autopickup.
You feel a bit more experienced.
The orc priest looks braver for a moment.
You claw the ogre!
The ogre is moderately wounded.
The ogre hits you with a +0 giant club!!
You barely miss the ogre.
The ogre is moderately wounded.
You barely miss the ogre.
The ogre is moderately wounded.
The ogre closely misses you.
You scratch the ogre.
The ogre is heavily wounded.
The ogre hits you with a +0 giant club!!
* * * LOW HITPOINT WARNING * * *
You scratch the ogre. Your claw misses the ogre.
The ogre is heavily wounded.
You claw the ogre!
The ogre is almost dead.
The ogre hits you with a +0 giant club!
You die...

.>... ....
#..
####'#######
#..$.......#
#...ol.....#
#..ooo.....#
####O#######
#h# #.# #.#
####'####
#.......#
#.......#
#.......#
#.......#
#.......#


You could see an ogre, an iguana, an orc priest and 3 orcs.

Vanquished Creatures
  Sigmund (D:2)
  Eustachio (D:4)
  An orc warrior (D:5)
  A scorpion (D:4)
  An orc priest (D:5)
  Jessica (D:2)
  5 iguanas
  2 orc wizards
  Robin (D:2)
  3 gnolls (D:4)
  7 adders
  2 ufetubi
  2 worms
  A dart slug (D:5)
  8 orcs
  3 ball pythons
  8 bats
  3 endoplasms
  A giant cockroach (D:2)
  14 goblins
  15 hobgoblins
  8 jackals
  A kobold (D:4)
  2 quokkas
  A frilled lizard (D:2)
  5 rats
98 creatures vanquished.

Notes
Turn   | Place    | Note
-------+----------+-------------------------------------------
     0 | D:1      | Gelion the Troll Shapeshifter began the quest for the Orb.
     0 | D:1      | Reached XP level 1. HP: 18/18 MP: 0/0
   110 | D:1      | Reached skill level 1 in Fighting
   255 | D:1      | Reached XP level 2. HP: 27/27 MP: 1/1
   457 | D:2      | Noticed Robin
   461 | D:2      | Reached XP level 3. HP: 33/33 MP: 2/2
   471 | D:2      | Killed Robin
   576 | D:2      | You fall into a shaft and drop 2 floors!
   616 | D:3      | Reached XP level 4. HP: 41/41 MP: 3/3
  1153 | D:2      | Noticed Sigmund
  1159 | D:2      | Killed Sigmund
  1160 | D:2      | Reached skill level 4 in Shapeshifting
  1160 | D:2      | Reached XP level 5. HP: 50/50 MP: 4/4
  1182 | D:2      | Reached XP level 6. HP: 56/59 MP: 5/5
  1310 | D:2      | Found a faded altar of an unknown god.
  1430 | D:2      | Noticed Jessica
  1438 | D:2      | Killed Jessica
  1893 | D:3      | Identified the +1 cloak of Seigau {*Corrode rC+ rN+ Dex+5}
  2053 | D:4      | Noticed Eustachio
  2058 | D:4      | Killed Eustachio
  2059 | D:4      | Reached skill level 5 in Shapeshifting
  2265 | D:4      | Reached XP level 7. HP: 57/67 MP: 6/6
  2608 | D:4      | Reached skill level 5 in Unarmed Combat
  2629 | D:4      | Found an iron altar of Okawaru.
  2739 | D:4      | Found an ornate altar of the Wu Jian Council.
  2760 | D:5      | Entered Level 5 of the Dungeon
  2871 | D:5      | Reached skill level 6 in Shapeshifting
  2888 | D:5      | Mangled by an ogre

Illustrated notes

Levels and vault maps discovered:
D:1:      saegor_arrival_simple_c, layout_rooms
D:2:      layout_loops_ring, shapermc_ecumenical_altar_mp_ritualfount,
          uniq_sigmund, uniq_jessica, uniq_robin
D:3:      layout_loops_corners, st_stairs_7
D:4:      layout_loops_ring, nicolae_overflow_hidden_temple, kennysheep_doodads,
          uniq_eustachio
D:5:      layout_basic, cheibrodos_sewer_entry_bend

Skill      XL: |  1  2  3  4  5  6  7 |
---------------+----------------------+-----
Fighting       | 1 2 3 |  3.5
Unarmed Combat | 4 5 |  5.3
Shapeshifting  | 4 5 6 |  6.0
Dodging        | |  1.5

Action                     |  1- 3 |  4- 6 |  7- 9 || total
---------------------------+-------+-------+-------++-------
  Melee: Unarmed           |    81 |   111 |    62 ||   254
         Punch             |     2 |     4 |     3 ||     9
    Use: Scroll            |     2 |       |     6 ||     8
   Stab: Sleeping          |       |     2 |       ||     2
 Armour: Animal skin       |    50 |    24 |    11 ||    85
  Dodge: Dodged            |    41 |    54 |    19 ||   114

Table legend: (Time is in decaauts)
 A = Elapsed time spent in this place.
 B = Non-inter-level travel time spent in this place.
 C = Inter-level travel time spent in this place.
 D = Time resting spent in this place.
 E = Time spent auto-exploring this place.
 F = Levels seen in this place.
 G = Mean time per level.
                   A        B        C        D        E       F      G
               +--------+--------+--------+--------+--------+-----+--------+
         Total |   2868 |   2662 |    206 |      0 |   2138 |   5 |  573.6 |
       Dungeon |   2868 |   2662 |    206 |      0 |   2138 |   5 |  573.6 |
               +--------+--------+--------+--------+--------+-----+--------+

Top non-repeatable levels by time:
     D:3: 866 daAuts
     D:2: 730 daAuts
     D:4: 715 daAuts
     D:1: 431 daAuts
     D:5: 124 daAuts
